 Dungeon Sprint DCSS version 0.31-a0-1-g4198be8af4 (webtiles) character file.

Game seed: 3009375800398177197

24303 Pestilence the Warrior (level 12, -1/114 HPs)
             Began as a Demonspawn Gladiator on May 3, 2023.
             Was a High Priest of Okawaru.
             Slain by a jumping spider (2 damage)
             ... in the Dungeon (Sprint IX: "|||||||||||||||||||||||||||||").
             The game lasted 00:09:00 (4083 turns).

Pestilence the Warrior (Demonspawn Gladiator)       Turns: 4083, Time: 00:09:01

Health: -1/114     AC: 17    Str: 19    XL:     12   Next: 79%
Magic:  20/20      EV: 14    Int: 13    God:    Okawaru [*****.]
Gold:   1319       SH: 20    Dex: 15    Spells: 11/11 levels left

rFire   . . .        n - +6 scimitar (flame)
rCold   + . .        v - +1 tower shield
rNeg    . . .        w - +3 chain mail
rPois   +            z - +2 helmet of Suwihaag {SInv}
rElec   .            a - +0 cloak
rCorr   .            u - +0 pair of gloves
SInv    +            (boots unavailable)
Will    +....        (no amulet) Stlth
                     o - +2 ring of protection
HPRegen 0.39/turn    k - ring "Zaodwues" {rPois rC+ Will+ Int+3}
MPRegen 0.17/turn

%: no teleportation
@: corroded, on berserk cooldown, hasted and slowed
A: hooves 3, repulsion field 1, icemail 1, condensation shield
a: Renounce Religion, Heroism, Finesse


You were in the Dungeon.
You worshipped Okawaru.
Okawaru was extremely pleased with you.
You visited 1 branch You collected 1928 gold pieces.
You spent 609 gold pieces at shops.

Inventory:

Hand Weapons
 n - a +6 scimitar of flaming (weapon)
Armour
 a - a +0 cloak (worn)
 u - a +0 pair of gloves (worn)
 v - a +1 tower shield (worn)
 w - a +3 chain mail (worn)
 z - the +2 helmet of Suwihaag (worn) {SInv}
   (Okawaru gifted it to you in the Dungeon)

   SInv:      It lets you see invisible.
Jewellery
 k - the ring "Zaodwues" (right hand) {rPois rC+ Will+ Int+3}
   (You bought it in a shop in the Dungeon)

   [ring of poison resistance]

   Int:       It affects your intelligence (+3).
   rC:        It protects you from cold.
   rPois:     It protects you from poison.
   Will:      It increases your willpower.
 o - a +2 ring of protection (left hand)
 p - a ring of see invisible
Scrolls
 l - 2 scrolls of amnesia
 r - a scroll of magic mapping
 s - 8 scrolls of enchant armour
 t - a scroll of fog
 y - 2 scrolls of enchant weapon
Potions
 d - a potion of mutation
 e - a potion of might
 f - a potion of invisibility
 g - a potion of heal wounds
 i - 4 potions of magic
 j - 8 potions of curing
 q - a potion of cancellation
 x - a potion of brilliance


   Skills:
 + Level 17.2 Fighting
 - Level 12.2 Long Blades
 - Level 1.7 Throwing
 + Level 15.7 Armour
 + Level 16.0 Dodging
 + Level 6.8 Shields
 - Level 11.9 Invocations


You had 11 spell levels left.
You didn't know any spells.
Your spell library was empty.

Dungeon Overview and Level Annotations

Branches:
Dungeon (1/1)

Altars:
Cheibriados
Dithmenos
Fedhas
Gozag
Hepliaklqana
Kikubaaqudgha
Makhleb
Nemelex Xobeh
Okawaru
Qazlal
Ru
Sif Muna
Trog
Uskayaw
Vehumet
Wu Jian
Xom
Yredelemnul
Jiyva
Lugonu

Shops:
D ?(=*


Innate Abilities, Weirdness & Mutations

You have hooves in place of feet.
You are surrounded by a mild repulsion field. (EV +2)
A meltable icy envelope protects you from harm. (AC +4)
A meltable shield of frost defends you. (SH +4)


Message History

The jumping spider bites you but does no damage.
You barely miss the moth of wrath.
The moth of wrath is heavily wounded.
You block the moth of wrath's attack. You block the jumping spider's attack.
The jumping spider misses you.
You slice the moth of wrath!! You burn the moth of wrath.
Your kick misses the moth of wrath.
The moth of wrath is almost dead.
You are no longer berserk.
You are exhausted.
You feel yourself slow down. The jumping spider pounces on you.
You are caught in a web!
The jumping spider bites you!
The moth of wrath bites you but does no damage.
The jumping spider pounces on you!!
* * * LOW HITPOINT WARNING * * *
The jumping spider bites you but does no damage.
The web tears apart.
The jumping spider pounces on you!
* * * LOW HITPOINT WARNING * * *
You block the jumping spider's attack. x2
The jumping spider bites you but does no damage.
The moth of wrath misses you. The jumping spider pounces on you!
* * * LOW HITPOINT WARNING * * *
The jumping spider bites you but does no damage.
The moth of wrath closely misses you.
Blink to where?
Press: ? - help, Dir - move target
As you read the scroll of blinking, it crumbles to dust.
The jumping spider rages.
You feel yourself speed up.
The jumping spider rages.
You block the jumping spider's attack.
The jumping spider bites you but does no damage.
The jumping spider completely misses you.
You block the jumping spider's attack.
The jumping spider attacks as you move away!
You block the jumping spider's attack. The jumping spider bites you.
* * * LOW HITPOINT WARNING * * *
The jumping spider pounces on you but does no damage.
The jumping spider bites you.
You die...

▓▓▓▓▓▓▓▓▓▓▓▓▓▓▓▓▓▓
▓...▓...▓...▓...▓<
▓.▓.▓.▓.▓)▓)▓.▓.▓.
▓.▓.▓.▓.▓.▓)▓.▓.▓.
▓.▓.▓.▓.▓.▓.▓.▓.▓.
▓.▓.▓.▓.▓)▓.▓.▓.▓'
▓.▓.▓.▓.▓.▓.▓.▓.▓÷
▓@▓.▓.▓.▓.▓.▓.▓.▓.
▓s▓.▓.▓.▓.▓.▓'▓.▓.
▓.▓.▓.▓.▓.▓.▓.▓.▓.
▓.▓.▓'▓.▓.▓)▓.▓.▓.
▓.▓.▓.▓.▓)▓)▓.▓.▓'
▓y▓.▓=▓.▓.▓.▓.▓.▓)
▓.▓.▓=▓.▓)▓.▓.▓.▓.
▓B▓.▓=▓.▓'▓.▓)▓.▓.
▓s▓.▓.▓.▓[▓)▓.▓.▓.


You could see an entropy weaver, a moth of wrath and a jumping spider (berserk).

Vanquished Creatures
  Gastronok (D)
  A broodmother (D)
  A stone giant (D)
  A spark wasp (D)
  A fire dragon (D)
  An ice dragon (D)
  Harold (D)
  A boulder beetle (D)
  4 centaur warriors (D)
  A deep troll shaman (D)
  A deep troll earth mage (D)
  A lindwurm (D)
  10 orc knights (D)
  An orc sorcerer (D)
  3 ugly things (D)
  2 moths of wrath (D)
  An elephant (D)
  2 black mambas (D)
  A torpor snail (D)
  2 cane toads (D)
  An unseen horror (D)
  An unseen horror (shapeshifter) (D)
  A komodo dragon (D)
  3 trolls (D)
  A meliai (D)
  4 tyrant leeches (D)
  A blink frog (D)
  2 slime creatures (D)
  A wraith (D)
  A wyvern (D)
  Grum (D)
  2 acid dragons (D)
  4 water moccasins (D)
  15 orc warriors (D)
  6 wolves (D)
  3 bullfrogs (D)
  A gnoll sergeant (D)
  6 orc priests (D)
  An iguana (D)
  3 orc wizards (D)
  A gnoll (D)
  An ufetubus (D)
  3 worms (D)
  An adder simulacrum (D)
  4 orcs (D)
  An endoplasm (D)
  2 giant cockroaches (D)
  A jackal (D)
  2 frilled lizards (D)
111 creatures vanquished.

Vanquished Creatures (others)
  A vampire knight (D)
1 creature vanquished.

Grand Total: 112 creatures vanquished

Notes
Turn   | Place    | Note
-------+----------+-------------------------------------------
     0 | D        | Pestilence the Demonspawn Gladiator began the quest for the
                  | Orb.
     0 | D        | Reached XP level 1. HP: 16/16 MP: 1/1
     3 | D        | Banished a spatial maelstrom
    14 | D        | Reached skill level 1 in Armour
   123 | D        | Noticed a water moccasin
   123 | D        | Noticed an iguana
   127 | D        | Reached skill level 3 in Fighting
   127 | D        | Gained mutation: A meltable shield of frost defends you.
                  | (SH +4) [demonic ancestry]
   127 | D        | Reached XP level 2. HP: 3/24 MP: 2/2
   136 | D        | Killed a water moccasin
   137 | D        | Reached skill level 5 in Fighting
   137 | D        | Reached skill level 5 in Long Blades
   137 | D        | Reached skill level 5 in Dodging
   137 | D        | Reached XP level 3. HP: 13/33 MP: 3/3
   137 | D        | Gained mutation: You have large cloven feet. [demonic
                  | ancestry]
   137 | D        | Reached XP level 4. HP: 15/39 MP: 4/4
   140 | D        | Reached XP level 5. HP: 13/44 MP: 5/5
   385 | D        | Found a snail-covered altar of Cheibriados.
   385 | D        | Found a shadowy altar of Dithmenos.
   385 | D        | Found a blossoming altar of Fedhas.
   385 | D        | Found an opulent altar of Gozag.
   386 | D        | Found a hazy altar of Hepliaklqana.
   387 | D        | Found a viscous altar of Jiyva.
   388 | D        | Found an ancient bone altar of Kikubaaqudgha.
   389 | D        | Found a corrupted altar of Lugonu.
   390 | D        | Found a burning altar of Makhleb.
   391 | D        | Found a sparkling altar of Nemelex Xobeh.
   392 | D        | Found an iron altar of Okawaru.
   393 | D        | Found a stormy altar of Qazlal.
   394 | D        | Found a sacrificial altar of Ru.
   395 | D        | Found a shimmering blue altar of Sif Muna.
   396 | D        | Found a bloodstained altar of Trog.
   397 | D        | Found a hide-covered altar of Uskayaw.
   398 | D        | Found a radiant altar of Vehumet.
   399 | D        | Found an ornate altar of the Wu Jian Council.
   404 | D        | Became a worshipper of Warmaster Okawaru
   405 | D        | Found a shimmering altar of Xom.
   406 | D        | Found a basalt altar of Yredelemnul.
   440 | D        | Noticed a troll
   440 | D        | Noticed a wraith
   440 | D        | Noticed an acid dragon
   440 | D        | Noticed an orc warrior
   440 | D        | Noticed an acid dragon
   445 | D        | Killed a troll
   445 | D        | Reached * piety under Okawaru
   446 | D        | Reached skill level 7 in Fighting
   446 | D        | Reached XP level 6. HP: 20/55 MP: 6/6
   446 | D        | Killed a wraith
   446 | D        | Killed an orc warrior
   446 | D        | Reached ** piety under Okawaru
   447 | D        | Reached skill level 8 in Fighting
   447 | D        | Reached XP level 7. HP: 12/62 MP: 7/7
   807 | D        | Noticed a boulder beetle
   807 | D        | Noticed a slime creature
   807 | D        | Noticed a troll
   807 | D        | Noticed a centaur warrior
   807 | D        | Noticed a troll
   824 | D        | Killed a slime creature
   824 | D        | Killed a troll
   824 | D        | Killed an unseen horror
   824 | D        | Reached *** piety under Okawaru
   825 | D        | Reached skill level 9 in Fighting
   825 | D        | Gained mutation: You have hoof-like feet. [demonic
                  | ancestry]
   825 | D        | Reached XP level 8. HP: 34/72 MP: 6/8
   828 | D        | Killed a boulder beetle
   828 | D        | Reached **** piety under Okawaru
   829 | D        | Reached skill level 10 in Fighting
   829 | D        | Reached XP level 9. HP: 62/79 MP: 6/9
   832 | D        | Killed a centaur warrior
   832 | D        | Reached ***** piety under Okawaru
   833 | D        | Reached skill level 11 in Fighting
   833 | D        | Reached skill level 10 in Long Blades
   833 | D        | Reached skill level 10 in Armour
   833 | D        | Reached skill level 10 in Dodging
   835 | D        | Killed a troll
   835 | D        | Identified the +1 pair of boots of Okawaru's Generosity
                  | {rElec Int-5 Dex+3} (Okawaru gifted it to you in the
                  | Dungeon)
   835 | D        | Received a gift from Okawaru
  1195 | D        | Noticed a torpor snail
  1195 | D        | Noticed a cane toad
  1200 | D        | Noticed an elephant
  1205 | D        | Killed a torpor snail
  1209 | D        | Killed a cane toad
  1212 | D        | Noticed a cane toad
  1230 | D        | Reached skill level 12 in Fighting
  1236 | D        | Killed an elephant
  1237 | D        | Gained mutation: You are surrounded by a mild repulsion
                  | field. (EV +2) [demonic ancestry]
  1237 | D        | Reached XP level 10. HP: 86/89 MP: 7/10
  1239 | D        | Killed a cane toad
  1495 | D        | Noticed a black mamba
  1501 | D        | Noticed a black mamba
  1520 | D        | Killed a black mamba
  1523 | D        | Killed a black mamba
  1524 | D        | Reached skill level 13 in Fighting
  1757 | D        | Noticed a lindwurm
  1769 | D        | Killed a lindwurm
  1962 | D        | Received a gift from Okawaru
  2063 | D        | Noticed Grum
  2069 | D        | Reached skill level 5 in Invocations
  2075 | D        | Killed Grum
  2156 | D        | Noticed Harold
  2165 | D        | Killed Harold
  2166 | D        | Gained mutation: You have hooves in place of feet. [demonic
                  | ancestry]
  2166 | D        | Reached XP level 11. HP: 99/99 MP: 12/15
  2224 | D        | Noticed Gastronok
  2239 | D        | Killed Gastronok
  2240 | D        | Reached skill level 14 in Fighting
  2319 | D        | Noticed an orc sorcerer
  2325 | D        | Killed an orc sorcerer
  2333 | D        | Noticed an orc knight
  2346 | D        | Killed an orc knight
  2618 | D        | Noticed an orc knight
  2629 | D        | Noticed an orc knight
  2642 | D        | Killed an orc knight
  2692 | D        | Killed an orc knight
  2888 | D        | Found Yxuptili's Magic Scroll Emporium.
  2888 | D        | Noticed an orc knight
  2890 | D        | Noticed an orc knight
  2897 | D        | Killed an orc knight
  2898 | D        | Reached skill level 15 in Fighting
  2898 | D        | Reached skill level 10 in Invocations
  2898 | D        | Noticed an orc knight
  2898 | D        | Found Aseganil's Antique Weapon Shoppe.
  2905 | D        | Noticed an orc knight
  2913 | D        | Killed an orc knight
  2917 | D        | Killed an orc knight
  2918 | D        | Found Cuross's Jewellery Emporium.
  2918 | D        | Noticed an orc knight
  2923 | D        | Noticed an orc knight
  2931 | D        | Killed an orc knight
  2931 | D        | Received a gift from Okawaru
  3046 | D        | Killed an orc knight
  3162 | D        | Killed an orc knight
  3253 | D        | Found Wumenecw's General Store.
  3266 | D        | Bought a scroll of blinking for 105 gold pieces
  3269 | D        | Noticed an orc knight
  3270 | D        | Bought the ring "Zaodwues" {rPois rC+ Will+ Int+3} for 504
                  | gold pieces
  3284 | D        | Killed an orc knight
  3285 | D        | Gained mutation: A meltable icy envelope protects you from
                  | harm. (AC +4) [demonic ancestry]
  3285 | D        | Reached XP level 12. HP: 94/111 MP: 20/20
  3496 | D        | Noticed a centaur warrior
  3496 | D        | Noticed a centaur warrior
  3502 | D        | Noticed a centaur warrior
  3505 | D        | Reached skill level 1 in Shields
  3506 | D        | Noticed a deep troll earth mage
  3509 | D        | Killed a centaur warrior
  3510 | D        | Noticed a deep troll shaman
  3515 | D        | Killed a centaur warrior
  3516 | D        | Reached skill level 16 in Fighting
  3520 | D        | Noticed a stone giant
  3522 | D        | Reached skill level 15 in Dodging
  3522 | D        | Noticed an ice dragon
  3524 | D        | Noticed a vampire knight
  3526 | D        | Noticed a fire dragon
  3528 | D        | Killed a centaur warrior
  3531 | D        | Killed a deep troll earth mage
  3536 | D        | Killed a deep troll shaman
  3537 | D        | Reached skill level 15 in Armour
  3548 | D        | Killed a vampire knight
  3555 | D        | Killed a stone giant
  3556 | D        | Reached skill level 5 in Shields
  3565 | D        | Killed an ice dragon
  3574 | D        | Killed a fire dragon
  3574 | D        | Identified the +2 helmet of Suwihaag {SInv} (Okawaru gifted
                  | it to you in the Dungeon)
  3574 | D        | Received a gift from Okawaru
  4044 | D        | Noticed a spark wasp
  4044 | D        | Noticed a broodmother
  4052 | D        | Noticed an entropy weaver
  4057 | D        | Reached skill level 17 in Fighting
  4062 | D        | Killed a spark wasp
  4072 | D        | Killed a broodmother
  4080 | D        | HP: 1/114 [jumping spider (17)]
  4083 | D        | Slain by a jumping spider

Illustrated notes

Levels and vault maps discovered:
D:        linesprint [early_d, line_temple, items_1, d_10, items_2, lair_1,
          lair_end, items_3, orc_1, orc_end, items_4, d_15, swamp_1, shoals_1,
          snake_1, spider_1, d_20, vaults_1, items_5, swamp_end, shoals_end,
          snake_end, spider_end, vaults_end, d_27, items_6, zot_1, zot_end,
          crypt_end, forest_end, elf_end, slime_end, tomb_end, abyss_end,
          pan_hell_end]

Skill      XL: |  1  2  3  4  5  6  7  8  9 10 11 12 |
---------------+-------------------------------------+-----
Long Blades    | 3 5 7 9 11 12 | 12.2
Dodging        | 3 5 7 9 11 12 14 16 | 16.0
Armour         | 1 4 6 7 8 9 11 12 14 15 | 15.7
Fighting       | 3 5 7 8 9 10 12 13 15 17 | 17.2
Invocations    | 6 11 | 11.9
Shields        | 6 |  6.8
Throwing       | |  1.7

Action                     |  1- 3 |  4- 6 |  7- 9 | 10-12 || total
---------------------------+-------+-------+-------+-------++-------
  Melee: Long sword        |    22 |     4 |       |       ||    26
         Scimitar          |       |       |    73 |   372 ||   445
         Punch             |       |       |     2 |     7 ||     9
         Kick              |       |       |       |   120 ||   120
 Invoke: Heroism           |       |       |     4 |    17 ||    21
         Finesse           |       |       |       |     2 ||     2
  Evoke: Wand              |       |     5 |     5 |       ||    10
    Use: Potion            |     3 |       |     2 |     7 ||    12
         Scroll            |       |       |     5 |     3 ||     8
   Stab: Sleeping          |     1 |       |       |       ||     1
 Armour: Leather armour    |     3 |     2 |       |       ||     5
         Scale mail        |       |       |    24 |    23 ||    47
         Chain mail        |       |       |       |    55 ||    55
  Dodge: Dodged            |    16 |     3 |    49 |   178 ||   246
  Block: Other             |       |     2 |    16 |    18 ||    36
         Tower shield      |       |       |       |    94 ||    94

Table legend: (Time is in decaauts)
 A = Elapsed time spent in this place.
 B = Non-inter-level travel time spent in this place.
 C = Inter-level travel time spent in this place.
 D = Time resting spent in this place.
 E = Time spent auto-exploring this place.
 F = Levels seen in this place.
 G = Mean time per level.
                   A        B        C        D        E       F      G
               +--------+--------+--------+--------+--------+-----+--------+
         Total |   3996 |   3996 |      0 |   2231 |    586 |   1 | 3996.0 |
       Dungeon |   3996 |   3996 |      0 |   2231 |    586 |   1 | 3996.0 |
               +--------+--------+--------+--------+--------+-----+--------+

Top non-repeatable levels by time:
       D: 3996 daAuts
